 Dungeon Crawl Stone Soup version 0.19.4-8-ga85b6b9 (webtiles) character file.

415 galech the Cudgeler (level 6, 0/67 HPs)
             Began as an Ogre Fighter on Feb 9, 2017.
             Slain by an orc warrior
             ... wielding a +2 vampiric halberd
              (22 damage)
             ... on level 6 of the Dungeon.
             The game lasted 00:08:56 (4905 turns).

galech the Cudgeler (Ogre Fighter)                  Turns: 4905, Time: 00:08:57

Health: 0/67       AC:  3    Str: 24    XL:     6   Next: 91%
Magic:  6/6        EV:  9    Int:  7    God:
Gold:   204        SH:  9    Dex:  9    Spells: 0 memorised, 5 levels left

rFire  . . .     SeeInvis .     a - +0 flail
rCold  . . .     Gourm    .     b - +0 robe
rNeg   . . .     Faith    .     c - +0 shield
rPois  .         Spirit   .     (helmet restricted)
rElec  .         Reflect  .     (no cloak)
rCorr  .         Harm     .     (gloves unavailable)
MR     .....                    (boots unavailable)
Stlth  +.........               u - amulet of magic regeneration
                                (no ring)
                                (no ring)

@: no status effects
A: unfitting armour, tough skin 1
a: no special abilities


You were on level 6 of the Dungeon.
You were not hungry.

You visited 1 branch of the dungeon, and saw 6 of its levels.

You collected 204 gold pieces.

Inventory:

Hand Weapons
 a - a +0 flail (weapon)
Armour
 b - a +0 robe (worn)
 c - a +0 shield (worn)
Magical Staves
 A - an uncursed staff of power
Jewellery
 u - an amulet of magic regeneration (around neck)
Wands
 p - a wand of flame (28/48)
Scrolls
 g - a scroll of enchant armour {unknown}
 h - 2 scrolls of teleportation {unknown}
 k - 4 scrolls of identify {unknown}
 m - 2 scrolls of fog {unknown}
 o - 3 scrolls of remove curse {unknown}
 q - a scroll of recharging {unknown}
 r - a scroll of immolation {unknown}
 t - a scroll of fear {unknown}
 x - 2 scrolls of blinking {unknown}
 y - a scroll of random uselessness {unknown}
Potions
 d - a potion of might
 e - a potion of magic {unknown}
 j - a potion of lignification {unknown}
 n - a potion of heal wounds {unknown}
 s - a potion of haste {unknown}
 v - a potion of invisibility {unknown}
 w - a potion of beneficial mutation {unknown}
 z - a potion of flight {unknown}
 D - a potion of degeneration {unknown}
Comestibles
 f - 2 bread rations
 i - 5 fruits
 l - 2 beef jerkies
 B - a meat ration
 C - 3 chunks of flesh


   Skills:
 + Level 5.7 Fighting
 + Level 5.9 Maces & Flails
 + Level 4.1 Dodging
 + Level 0.7 Stealth
 + Level 3.6 Shields


You had 5 spell levels left.
You didn't know any spells.

Dungeon Overview and Level Annotations

Branches:
Dungeon (6/15)             Temple (0/1) D:5

Altars:
Ashenzari
Zin

Annotations:
D:4 jeesustelija's ghost, amateur MiHu
D:5 exclusion: oklob sapling


Innate Abilities, Weirdness & Mutations

You are too large for most types of armour.
You have tough skin. (AC +1)


Message History

The orc warrior hits you with a vampiric halberd.
You see here an orc corpse.
You hit the orc warrior but do no damage.
The orc warrior hits you with a vampiric halberd!
You barely miss the orc warrior.
The orc warrior hits you with a vampiric halberd!
You thump the orc warrior!
The orc warrior is heavily wounded.
You block the orc warrior's attack.
An orc comes into view. It is wielding a war axe.
You closely miss the orc warrior.
The orc warrior is heavily wounded.
The orc warrior hits you with a vampiric halberd!
An orc wizard comes into view. It is wielding a dagger.
You hit the orc warrior but do no damage.
The orc warrior is heavily wounded.
The orc wizard casts a spell.
The orc wizard blinks!
The orc warrior hits you with a vampiric halberd!!
You die...

####### #### ####
#.....# #.. ..#
#.###.# #.# #.# #.#
#.#####.#####.##
##o###.##............
#.oo@...'............
#.ยง###.##.........###
#..# #............# #
#..# ##############
#..# ..o.# ###.## ..
## #.. #.


You could see an orc warrior, an orc wizard and an orc.

Vanquished Creatures
  A bullfrog (D:3)
  A scorpion (D:4)
  A howler monkey (D:6)
  3 worker ants
  An orc wizard (D:4)
  A worker ant zombie (D:5)
  5 adders
  A shadow imp (D:5)
  An adder skeleton (D:5)
  4 worms
  2 dart slugs (D:2)
  3 leopard geckos
  7 orcs
  5 giant cockroaches
  7 goblins
  9 hobgoblins
  6 jackals (D:3)
  2 quokkas
  8 bats
  2 frilled lizards (D:2)
  10 kobolds
  5 rats
85 creatures vanquished.

Notes
Turn   | Place    | Note
-------+----------+-------------------------------------------
     0 | D:1      | galech the Ogre Fighter began the quest for the Orb.
     0 | D:1      | Reached XP level 1. HP: 24/24 MP: 1/1
   364 | D:1      | Reached XP level 2. HP: 33/33 MP: 2/2
   943 | D:1      | Reached XP level 3. HP: 34/40 MP: 3/3
  1606 | D:2      | Reached XP level 4. HP: 22/49 MP: 4/4
  2684 | D:3      | Reached XP level 5. HP: 49/55 MP: 5/5
  2791 | D:3      | Reached skill level 5 in Fighting
  3177 | D:4      | Reached skill level 5 in Maces & Flails
  3177 | D:4      | Reached XP level 6. HP: 45/66 MP: 6/6
  3661 | D:4      | Noticed jeesustelija's ghost (amateur MiHu)
  3981 | D:4      | Found a shattered altar of Ashenzari.
  4144 | D:5      | Entered Level 5 of the Dungeon
  4157 | D:5      | Found a glowing silver altar of Zin.
  4266 | D:5      | Found a staircase to the Ecumenical Temple.
  4514 | D:5      | Noticed an orc warrior
  4897 | D:6      | Noticed an orc warrior
  4905 | D:6      | Slain by an orc warrior

Skill      XL: |  1  2  3  4  5 |
---------------+----------------+-----
Shields        | 3 |  3.6
Maces & Flails | 3 5 |  5.9
Dodging        | 3 4 |  4.1
Fighting       | 5 |  5.7
Stealth        | |  0.7

Action                   |  1- 3 |  4- 6 || total
-------------------------+-------+-------++-------
Melee: Flail             |   152 |   210 ||   362
 Stab: Sleeping          |     1 |       ||     1
  Eat: Chunk             |     2 |     7 ||     9
       Bread ration      |       |     1 ||     1
       Fruit             |       |     1 ||     1
Armor: Robe              |    51 |    53 ||   104
Dodge: Dodged            |    55 |   115 ||   170
Block: Shield            |    63 |   102 ||   165
